woodfighter, neutral female human Healer ------ --------`####.`.D<| |......-# |..D{| |......| |).D..## |.......# -+-D--## --.-.---# #%### # # # ###### # # # #% # # # -%- # # # (...( | # # ## -."%/"=""-- # # ## ..%..%%=="=| -|-|-### |../==/=%(=| |....# ## -.(=*"(/===| |...| |....%"%"("| |>..| ------------ |...|# |.%..# ----- woodfighter the Dresser Experience level: 12 Strength: 25 Dexterity: 15 Constitution: 18 Intelligence: 11 Wisdom: 18 Charisma: 18 Health: 0(98) Energy: 55(114) Def: 25 Gold: 0 Moves: 19487 Dungeon seed: CAXLRDHz7jkkW1x4 Game ID: woodfighter_1506106646 Your Inventory: Amulets p - an uncursed amulet of reflection (being worn) Weapons a - a blessed +7 elven spear (weapon in hand) E - 100 blessed +6 darts (in quiver) Armor e - an uncursed +0 elven leather helm (being worn) B - a blessed +3 pair of gauntlets of power (being worn) C - an uncursed +0 pair of jumping boots (being worn) R - a blessed greased +1 gray dragon scale mail (being worn) Y - an uncursed +0 elven cloak (being worn) Comestibles d - an uncursed sprig of wolfsbane f - 2 uncursed fortune cookies k - an uncursed orange l - a blessed clove of garlic u - 4 uncursed food rations v - 2 uncursed pancakes A - an uncursed tin of winter wolf cub meat D - 2 uncursed tripe rations Q - 11 blessed eucalyptus leaves T - 4 blessed sprigs of wolfsbane Z - an uncursed lizard corpse Rings m - an uncursed ring of fire resistance (on left hand) t - an uncursed ring of shock resistance (on right hand) Wands n - a wand of create monster (0:15) r - a wand of sleep (0:7) O - a wand of digging (0:6) W - a wand of digging (0:7) X - a wand of fire (0:6) Tools b - an uncursed stethoscope g - an uncursed towel q - a -1 unicorn horn s - a blessed bag of holding w - an uncursed magic whistle y - an uncursed skeleton key K - a +0 unicorn horn M - a +0 unicorn horn Gems L - a blessed luckstone Contents of the bag of holding: 4311 gold pieces an uncursed +0 mummy wrapping an uncursed +0 pair of water walking boots an uncursed lizard corpse an uncursed scroll of confuse monster a [uncursed] scroll of enchant weapon an uncursed scroll of identify a [uncursed] spellbook of extra healing a [blessed] potion of gain level a [blessed] potion of monster detection a [uncursed] potion of speed a blessed brass lantern [0:436] an uncursed [+0] pick-axe a +0 unicorn horn Spells and supernatural/magical abilities: Name Level Category Fail Memory h - healing 1 healing 32% 95% x - extra healing 3 healing 32% 95% H - haste self 3 escape 100% 52% K - cure sickness 3 healing 6% 95% S - stone to flesh 3 healing 51% 95% W - pray for help -- divine ? -- Y - supernatural jump -- ability ? -- Your skills at the end: Miscellaneous Skills wands [Basic] Weapon Skills knife [Basic] spear [Basic] Spellcasting Skills healing spells [Skilled] Final Attributes: You were stridently aligned. You were fire resistant. You were cold resistant. You were sleep resistant. You were shock resistant. You were poison resistant. You were magic-protected. Your writing hand was ok. You were telepathic. You were invisible. You were very stealthy. You could jump. You were protected. You were fast. You had reflection. You were lucky. You had extra luck. Good luck did not time out for you. You are dead. Vanquished creatures: a gray dragon 2 orange dragons a trapper 5 baby orange dragons 2 vampire lords a nurse 3 vampires 3 ghosts a watch captain a queen bee 2 giant mimics 4 ogre kings an Elvenking a rock troll a large mimic a wumpus a fire vortex a long worm a fire elemental an earth elemental a black naga 4 elf-lords a giant zombie 3 wargs 2 quantum mechanics 3 small mimics a warhorse 2 xans 3 ettin mummies 2 sasquatches a wood golem 2 freezing spheres 3 flaming spheres 3 shocking spheres 2 tigers a gargoyle a dwarf king 3 tengu a gelatinous cube an ochre jelly a chameleon 2 leocrottas an energy vortex a mountain centaur 3 elf mummies a red naga 4 Grey-elves a pit viper 2 wraiths an ettin zombie 2 succubi 2 giant beetles a wolf 4 winter wolf cubs 2 black lights 2 panthers a gremlin 12 leprechauns 3 quivering blobs 3 lizards 3 orc-captains 7 giant spiders an ice vortex 2 forest centaurs 3 gnome kings 2 orc mummies 2 dwarf mummies 4 ogres 4 brown puddings 5 Green-elves 2 owlbears 3 yetis 2 gold golems 16 piranhas 2 chickatrices a dog a housecat 5 jaguars 6 dwarf lords 3 blue jellies a water nymph 4 white unicorns a black unicorn a dust vortex 2 ravens a plains centaur 2 gnome mummies 4 snakes 4 apes 9 human zombies a rope golem 5 soldier ants 2 fire ants a yellow light 3 bugbears an imp a quasit 2 baby crocodiles a wood nymph 11 Mordor orcs 2 Uruk-hai an orc shaman a rock mole 3 rock piercers a pony 5 fog clouds a shrieker 2 violet fungi 14 gnome lords 3 gnomish wizards 4 kobold mummies 2 golden naga hatchlings 3 gray oozes 2 barrow wights an elf zombie 2 ghouls 39 giant ants a puppy 9 floating eyes 5 kittens 21 dwarves 3 homunculi 2 kobold lords 8 iguanas 20 hill orcs 9 rothes 2 centipedes 7 jitterbugs 3 giant bats a monkey 2 orc zombies 2 dwarf zombies 2 wererats a werejackal 31 killer bees a coyote 2 gas spores 8 hobbits an acid blob a large kobold 8 geckos 3 hobgoblins 3 cave spiders 3 brown molds a yellow mold 2 green molds 64 gnomes 12 garter snakes 6 manes 4 gnome zombies 5 jackals 2 foxes 2 kobolds 15 newts 2 goblins 7 sewer rats 13 grid bugs a bat 5 lichens 6 kobold zombies 646 creatures vanquished. Genocided species: hobbits dwarves bugbears dwarf lords dwarf kings quantum mechanics mind flayers master mind flayers wood nymphs water nymphs mountain nymphs island nymphs liches demiliches master liches arch-liches 16 species genocided. Voluntary challenges: You did not cause conflict. You were not displaced. You used a wielded weapon 1261 times, starting on turn 75. You did not use plumbed fixtures. You read items or engraved 42 times, starting on turn 5207. You genocided 16 types of monsters, starting on turn 18287. You never polymorphed an object. You changed form 1 time, starting on turn 11230. You completed Sokoban on turn 8117, according to the rules. You used 1 wish, starting on turn 11641. You did not wish for any artifacts. You never split a pudding. You never wrote Elbereth's name. You violated your moral code, losing 9 points of alignment, starting on turn 8143. Dungeon overview: The Dungeons of Doom: levels 1 to 20 Level 1 (vault) a fountain, a sink a long staircase Level 2 an armor shop, an altar to Poseidon Level 3 a general store, a fountain, a sink stairs to The Gnomish Mines Level 4 ( ) a general store, a sink Level 5 Level 6 ( ) Level 7 (locked box + leprechaun hall) an altar to Poseidon, some fountains Level 8 many fountains, a sink Level 9 many fountains Level 10 a fountain, a sink stairs to Sokoban Level 11 some fountains Level 12 some fountains Level 13 an altar to Athena, some fountains Level 14 Level 15 (quest + vault) Level 16 (rogue) Level 17 Level 18 an altar to Hermes Level 19 <- You were here a fountain Level 20 The Gnomish Mines: levels 4 to 12 Level 4 stairs to The Dungeons of Doom Level 5 Level 6 many shops, a temple to Hermes, a magic chest, some fountains Level 7 Level 8 Level 9 Level 10 Level 11 Level 12 a magic chest, some fountains Sokoban: levels 6 to 9 Level 6 a magic chest Level 7 Level 8 Level 9 an altar to Hermes, a magic chest stairs to The Dungeons of Doom History has recorded: On T:1 you entered the Dungeons of Doom to retrieve the Amulet of Yendor! On T:193 you reached level 2 of The Dungeons of Doom. On T:412 you advanced to experience level 2. On T:803 you reached level 3 of The Dungeons of Doom. On T:998 you advanced to experience level 3. On T:1108 you reached level 1 of The Gnomish Mines. On T:1133 you reached level 4 of The Dungeons of Doom. On T:1454 you reached level 5 of The Dungeons of Doom. On T:1863 you reached level 6 of The Dungeons of Doom. On T:1929 you advanced to experience level 4. On T:2274 you advanced to experience level 5. On T:2318 you advanced to experience level 6. On T:2525 you reached level 7 of The Dungeons of Doom. On T:2737 you advanced to experience level 7. On T:2967 you reached level 8 of The Dungeons of Doom. On T:3251 you prayed to Hermes. On T:3678 you reached level 9 of The Dungeons of Doom. On T:3748 you advanced to experience level 8. On T:4708 you reached level 10 of The Dungeons of Doom. On T:4960 you reached level 11 of The Dungeons of Doom. On T:5101 you reached level 4 of Sokoban. On T:5204 you opened a magic chest. On T:5722 you reached level 3 of Sokoban. On T:6652 you reached level 2 of Sokoban. On T:7146 you reached level 1 of Sokoban. On T:7166 you advanced to experience level 10. On T:7527 you prayed to Hermes. On T:8117 you advanced to experience level 11. On T:8117 you entered the Sokoban zoo. On T:9257 you reached level 2 of The Gnomish Mines. On T:9259 you reached level 3 of The Gnomish Mines. On T:9412 you entered the Minetown temple On T:10784 you reached level 4 of The Gnomish Mines. On T:10960 you reached level 5 of The Gnomish Mines. On T:11341 you reached level 6 of The Gnomish Mines. On T:11641 you wished for "+3 blessed fixed greased gray dragon scale mail". On T:12131 you reached level 7 of The Gnomish Mines. On T:12213 you reached level 8 of The Gnomish Mines. On T:12664 you reached level 9 of The Gnomish Mines. On T:12664 you reached the bottom of the Mines. On T:14487 you reached level 12 of The Dungeons of Doom. On T:14822 you reached level 13 of The Dungeons of Doom. On T:15332 you reached level 14 of The Dungeons of Doom. On T:16093 you reached level 15 of The Dungeons of Doom. On T:16209 you reached level 16 of The Dungeons of Doom. On T:16209 you entered the Rogue tribute level. On T:16799 you prayed to Hermes. On T:16812 you reached level 17 of The Dungeons of Doom. On T:16930 you advanced to experience level 12. On T:18949 you reached level 18 of The Dungeons of Doom. On T:18978 you reached level 19 of The Dungeons of Doom. On T:19325 you reached level 20 of The Dungeons of Doom. Score breakdown: Gold: 2863 ( 286 points) Experience: 12 levels ( 1100 points) Exploration: 20 levels ( 570 points) Discoveries: 76 items ( 2000 points) Variety of kills: 160 monsters ( 2000 points) Major goal: Sokoban/Mines ( 1500 points) Survival: died (score multiplied by 3) Total score: 22368 Latest messages: The elder orange dragon misses. The elder orange dragon bites! The elder orange dragon claws you! (2x) You fail to cast the spell correctly. You feel better. You start removing your pair of gauntlets of power. You take off your pair of gauntlets of power. You feel better. (4x) You start equipping your pair of gauntlets of power. You are now wearing a pair of gauntlets of power. The elder orange dragon bites! The elder orange dragon claws you! The elder orange dragon misses. (3x) The elder orange dragon claws you! You jab the elder orange dragon! The elder orange dragon is moderately wounded. The elder orange dragon bites! The elder orange dragon claws you! (2x) The elder orange dragon bites! The elder orange dragon claws you! You die... Final status: Goodbye woodfighter the Healer, killed by an elder orange dragon... You died in The Dungeons of Doom on dungeon level 19 with 22368 points, and 4311 pieces of gold, after 19487 moves. You were level 12 with a maximum of 98 hit points when you died.